NWL (28 & UNDER)
MENLO MANIACS @ RED DEER WRANGLERS
08/10/2024
 
TOP OF THE 1ST
Menlo Maniacs batting - Pitching for Red Deer Wranglers : RHP José Pérez
Pitching: RHP José Pérez
Batting: LHB Dan Hamilton 0-0: Called Strike
0-1: Foul Ball, location: 2F
0-2: Strikes out swinging
Batting: RHB Jesús Cuevas 0-0: Ball
1-0: Swinging Strike
1-1: Fly out, F9 (Flyball, 9LM)
Batting: RHB Tom Meyer 0-0: Ground out U3 (Groundball, 3S)
Top of the 1st over - 0 run(s), 0 hit(s), 0 error(s), 0 left on base; Menlo 0 - Red Deer 0
BOTTOM OF THE 1ST
Red Deer Wranglers batting - Pitching for Menlo Maniacs : RHP Thatcher Smith
Pitching: RHP Thatcher Smith
Batting: LHB Jorge Olvera 0-0: Called Strike
0-1: Foul Ball, location: 2F
0-2: Ball
1-2: Ground out 4-3 (Groundball, 4M)
Batting: RHB Paul Swift 0-0: Ground out 6-3 (Groundball, 6)
Batting: RHB Todd Bryant 0-0: Ball
1-0: Ball
2-0: Fly out, F8 (Flyball, 78M)
Bottom of the 1st over - 0 run(s), 0 hit(s), 0 error(s), 0 left on base; Menlo 0 - Red Deer 0
TOP OF THE 2ND
Menlo Maniacs batting - Pitching for Red Deer Wranglers : RHP José Pérez
Batting: LHB Roger Moore 0-0: Ball
1-0: SINGLE (Line Drive, 8RS)
Batting: LHB Arthur Hall 0-0: Ball
1-0: Ball
Roger Moore is caught stealing 2nd base
2-0: Ball
3-0: Called Strike
3-1: Foul Ball, location: 2F
3-2: Fly out, F9 (Flyball, 9M)
Batting: RHB Steve Sampson 0-0: Foul Ball, location: 2F
0-1: Ball
1-1: Called Strike
1-2: Ball
2-2: Ball
3-2: Base on Balls
Batting: LHB Marcos Pérez 0-0: Ground out 6-3 (Groundball, 6)
Top of the 2nd over - 0 run(s), 1 hit(s), 0 error(s), 1 left on base; Menlo 0 - Red Deer 0
BOTTOM OF THE 2ND
Red Deer Wranglers batting - Pitching for Menlo Maniacs : RHP Thatcher Smith
Batting: LHB Del Kennedy 0-0: Ball
1-0: Ball
2-0: Swinging Strike
2-1: Foul Ball, location: 2F
2-2: Ball
3-2: Foul Ball, location: 2F
3-2: Foul Ball, location: 2F
3-2: Base on Balls
Batting: RHB Orlando Núñes 0-0: Grounds into double play, U4-3 (Groundball, 4)
Batting: RHB Carlos Peña 0-0: Called Strike
0-1: Ball
1-1: Ball
2-1: Ground out 1-3 (Groundball, 15)
Bottom of the 2nd over - 0 run(s), 0 hit(s), 0 error(s), 0 left on base; Menlo 0 - Red Deer 0
TOP OF THE 3RD
Menlo Maniacs batting - Pitching for Red Deer Wranglers : RHP José Pérez
Batting: RHB Dani Torres 0-0: Foul Ball, location: 2F
0-1: Foul Ball, location: 2F
0-2: Ground out 6-3 (Groundball, 6)
Batting: SHB António Trinidad 0-0: Called Strike
0-1: Foul Ball, location: 2F
0-2: Ball
1-2: SINGLE (Line Drive, 4MD)
Batting: LHB Dan Hamilton 0-0: Ball
1-0: DOUBLE (Line Drive, 78M)
António Trinidad to third
Batting: RHB Jesús Cuevas 0-0: SINGLE (Line Drive, 7LS)
António Trinidad scores
Dan Hamilton to third
Batting: RHB Tom Meyer 0-0: Called Strike
0-1: Foul Ball, location: 2F
0-2: Strikes out swinging
Batting: LHB Roger Moore 0-0: Ball
1-0: DOUBLE (Line Drive, 89D)
Dan Hamilton scores
Jesús Cuevas to third
Batting: LHB Arthur Hall 0-0: Ball
1-0: Ball
2-0: Swinging Strike
2-1: Foul Ball, location: 2F
2-2: Strikes out swinging
Top of the 3rd over - 2 run(s), 4 hit(s), 0 error(s), 2 left on base; Menlo 2 - Red Deer 0
BOTTOM OF THE 3RD
Red Deer Wranglers batting - Pitching for Menlo Maniacs : RHP Thatcher Smith
Batting: LHB Greg Nelson 0-0: Ball
1-0: Ball
2-0: Fly out, F8 (Flyball, 8LM)
Batting: RHB John McDonald 0-0: Ground out 6-3 (Groundball, 56)
Batting: RHB Oliver Harris 0-0: Called Strike
0-1: Fly out, F8 (Flyball, 8LM)
Bottom of the 3rd over - 0 run(s), 0 hit(s), 0 error(s), 0 left on base; Menlo 2 - Red Deer 0
TOP OF THE 4TH
Menlo Maniacs batting - Pitching for Red Deer Wranglers : RHP José Pérez
Batting: RHB Steve Sampson 0-0: SINGLE (Groundball, 56D)
Batting: LHB Marcos Pérez 0-0: Swinging Strike
0-1: TRIPLE (Flyball, 89XD)
Steve Sampson scores
Batting: RHB Dani Torres 0-0: Ball
1-0: Ball
2-0: Ground out 5-3 (Groundball, 56S)
Marcos Pérez scores
Batting: SHB António Trinidad 0-0: Called Strike
0-1: Ball
1-1: Called Strike
1-2: Foul Ball, location: 2F
1-2: Ground out 3-1 (Groundball, 34)
Batting: LHB Dan Hamilton 0-0: Called Strike
0-1: Swinging Strike
0-2: Foul Ball, location: 2F
0-2: Ground out 4-3 (Groundball, 4M)
Top of the 4th over - 2 run(s), 2 hit(s), 0 error(s), 0 left on base; Menlo 4 - Red Deer 0
BOTTOM OF THE 4TH
Red Deer Wranglers batting - Pitching for Menlo Maniacs : RHP Thatcher Smith
Batting: LHB Jorge Olvera 0-0: Ball
1-0: Ball
2-0: Swinging Strike
2-1: Foul Ball, location: 2F
2-2: Foul Ball, location: 2F
2-2: Ball
3-2: Foul Ball, location: 2F
3-2: Base on Balls
Batting: RHB Paul Swift 0-0: Ball
1-0: Foul Ball, location: 2F
1-1: Ball
2-1: Ball
3-1: Foul Ball, location: 2F
3-2: 2-RUN HOME RUN (Flyball, 7D), Distance : 341 ft
Batting: RHB Todd Bryant 0-0: SINGLE (Groundball, 6MD)
Batting: LHB Del Kennedy 0-0: Fly out, F8 (Flyball, 8LD)
Batting: RHB Orlando Núñes 0-0: Called Strike
Todd Bryant steals 2nd base
0-1: Fly out, F6 (Line Drive, 6)
Batting: RHB Carlos Peña 0-0: Ball
1-0: Ball
2-0: Swinging Strike
2-1: Ball
3-1: Base on Balls
Batting: LHB Greg Nelson 0-0: Ball
Wild Pitch!
Todd Bryant to third
Carlos Peña to second
1-0: Ball
Wild Pitch!
Todd Bryant scores
Carlos Peña to third
2-0: Ground out 4-3 (Groundball, 34)
Bottom of the 4th over - 3 run(s), 2 hit(s), 0 error(s), 1 left on base; Menlo 4 - Red Deer 3
TOP OF THE 5TH
Menlo Maniacs batting - Pitching for Red Deer Wranglers : RHP José Pérez
Batting: RHB Jesús Cuevas 0-0: Ball
1-0: Ball
2-0: Foul Ball, location: 2F
2-1: Ball
3-1: Called Strike
3-2: Foul Ball, location: 2F
3-2: Ground out 5-3 (Groundball, 5)
Batting: RHB Tom Meyer 0-0: Fly out, F7 (Flyball, 78M)
Batting: LHB Roger Moore 0-0: Ball
1-0: Ground out 4-3 (Groundball, 4M)
Top of the 5th over - 0 run(s), 0 hit(s), 0 error(s), 0 left on base; Menlo 4 - Red Deer 3
BOTTOM OF THE 5TH
Red Deer Wranglers batting - Pitching for Menlo Maniacs : RHP Thatcher Smith
Batting: RHB John McDonald 0-0: Ball
1-0: SINGLE (Line Drive, 8LS)
Batting: RHB Oliver Harris 0-0: Foul Ball, location: 2F
0-1: Called Strike
0-2: Ball
1-2: Ball
2-2: Strikes out swinging
Batting: LHB Jorge Olvera 0-0: Ball
1-0: Called Strike
1-1: Ball
2-1: Ball
3-1: Foul Ball, location: 2F
3-2: Strikes out swinging
Batting: RHB Paul Swift 0-0: Ball
1-0: Called Strike
1-1: Swinging Strike
1-2: Strikes out swinging
Bottom of the 5th over - 0 run(s), 1 hit(s), 0 error(s), 1 left on base; Menlo 4 - Red Deer 3
TOP OF THE 6TH
Menlo Maniacs batting - Pitching for Red Deer Wranglers : RHP José Pérez
Batting: LHB Arthur Hall 0-0: Ball
1-0: Called Strike
1-1: Ground out U3 (Groundball, 3)
Batting: RHB Steve Sampson 0-0: Ball
1-0: Called Strike
1-1: Called Strike
1-2: Ground out 3-1 (Groundball, 34S)
Batting: LHB Marcos Pérez 0-0: Ground out 4-3 (Groundball, 4M)
Top of the 6th over - 0 run(s), 0 hit(s), 0 error(s), 0 left on base; Menlo 4 - Red Deer 3
BOTTOM OF THE 6TH
Red Deer Wranglers batting - Pitching for Menlo Maniacs : RHP Thatcher Smith
Batting: RHB Todd Bryant 0-0: Ball
1-0: Reached on error, E5 (Groundball, 5S)
Batting: LHB Del Kennedy 0-0: Called Strike
0-1: Ball
1-1: Swinging Strike
1-2: Foul Ball, location: 2F
1-2: Foul Ball, location: 2F
1-2: Ball
2-2: Grounds into double play, 4-6-3 (Groundball, 4)
Batting: RHB Orlando Núñes 0-0: Ball
1-0: Swinging Strike
1-1: Ball
2-1: SINGLE (Groundball, 56)
Batting: RHB Carlos Peña 0-0: Ball
1-0: Called Strike
1-1: Ball
2-1: Swinging Strike
2-2: Ball
3-2: Foul Ball, location: 2F
3-2: Foul Ball, location: 2F
3-2: Strikes out swinging
Bottom of the 6th over - 0 run(s), 1 hit(s), 1 error(s), 1 left on base; Menlo 4 - Red Deer 3
TOP OF THE 7TH
Menlo Maniacs batting - Pitching for Red Deer Wranglers : RHP José Pérez
Batting: RHB Dani Torres 0-0: Ball
1-0: Called Strike
1-1: Ball
2-1: Called Strike
2-2: Ground out 5-3 (Groundball, 56)
Batting: SHB António Trinidad 0-0: Called Strike
0-1: Ball
1-1: Called Strike
1-2: Strikes out looking
Batting: LHB Dan Hamilton 0-0: Called Strike
0-1: Foul Ball, location: 2F
0-2: Foul Ball, location: 2F
0-2: Ball
1-2: Strikes out swinging
Top of the 7th over - 0 run(s), 0 hit(s), 0 error(s), 0 left on base; Menlo 4 - Red Deer 3
BOTTOM OF THE 7TH
Red Deer Wranglers batting - Pitching for Menlo Maniacs : RHP Thatcher Smith
Pitching: RHP Steve Poe
Batting: LHB Greg Nelson 0-0: Ball
1-0: Swinging Strike
1-1: Called Strike
1-2: Strikes out swinging
Batting: RHB John McDonald 0-0: Ball
1-0: Foul Ball, location: 2F
1-1: Ball
2-1: Ball
3-1: Foul Ball, location: 2F
3-2: Base on Balls
Pinch Hitting: LHB Enrico Vargas 0-0: Ball
1-0: Ball
2-0: Called Strike
2-1: SINGLE (Groundball, 5D)
John McDonald to second
Pinch Hitting: LHB José Suárez 0-0: Ball
1-0: Ball
2-0: Called Strike
2-1: Foul Ball, location: 2F
2-2: Ball
3-2: Base on Balls
John McDonald to third
Enrico Vargas to second
Batting: RHB Paul Swift 0-0: Ball
1-0: Called Strike
1-1: Ball
2-1: Ball
3-1: Base on Balls
John McDonald scores
Enrico Vargas to third
José Suárez to second
Batting: RHB Todd Bryant 0-0: Ball
1-0: Called Strike
1-1: Ball
2-1: Ball
3-1: Foul Ball, location: 2F
3-2: Foul Ball, location: 2F
3-2: Fly out, F9 (Flyball, 89S)
Pitching: LHP José Acosta
Batting: LHB Del Kennedy 0-0: Ball
1-0: Fly out, F3 (Line Drive, 3)
Bottom of the 7th over - 1 run(s), 1 hit(s), 0 error(s), 3 left on base; Menlo 4 - Red Deer 4
TOP OF THE 8TH
Menlo Maniacs batting - Pitching for Red Deer Wranglers : RHP José Pérez
Now at 1B: Max Duncan
Now in CF: José Suárez
Pinch Hitting: LHB Adam Lowe 0-0: Foul Ball, location: 2F
0-1: Ball
1-1: SINGLE (Groundball, 56D)
Batting: RHB Tom Meyer 0-0: Called Strike
0-1: Grounds into double play, 6-4-3 (Groundball, 6)
Batting: LHB Roger Moore 0-0: Foul Ball, location: 2F
0-1: Ball
1-1: Ground out 4-3 (Groundball, 4M)
Top of the 8th over - 0 run(s), 1 hit(s), 0 error(s), 0 left on base; Menlo 4 - Red Deer 4
BOTTOM OF THE 8TH
Red Deer Wranglers batting - Pitching for Menlo Maniacs : LHP José Acosta
Now at 3B: Ron McCoy
Batting: RHB Orlando Núñes 0-0: Ball
1-0: Ball
2-0: Ball
3-0: Called Strike
3-1: Base on Balls
Batting: RHB Carlos Peña 0-0: Sac Bunt - play at first, batter OUT! 5-4
Orlando Núñes to second
Batting: LHB Greg Nelson 0-0: Ball
1-0: Foul Ball, location: 2F
1-1: Foul Ball, location: 2F
1-2: Strikes out looking
Batting: RHB John McDonald 0-0: Fly out, F4 (Popup, 4D)
Bottom of the 8th over - 0 run(s), 0 hit(s), 0 error(s), 1 left on base; Menlo 4 - Red Deer 4
TOP OF THE 9TH
Menlo Maniacs batting - Pitching for Red Deer Wranglers : RHP José Pérez
Pitching: RHP Russell Cooper
Batting: LHB Arthur Hall 0-0: Called Strike
0-1: Ball
1-1: Ball
2-1: Ball
3-1: Swinging Strike
3-2: Base on Balls
Batting: RHB Steve Sampson 0-0: Bunted foul
0-1: Sac Bunt - play at first, batter OUT! 1-4
Arthur Hall to second
Batting: LHB Marcos Pérez 0-0: Intentional Walk
Pinch Hitting: LHB Paul Alexander 0-0: Called Strike
0-1: SINGLE (Line Drive, 4M)
Arthur Hall to third
Marcos Pérez to second
Runner from 3rd tries for Home, SAFE, no throw or cutoff
Pinch Hitting: RHB Philip Burke 0-0: Ball
1-0: Called Strike
1-1: Foul Ball, location: 2F
1-2: Strikes out looking
Batting: LHB Dan Hamilton 0-0: Called Strike
0-1: Swinging Strike
0-2: Ball
1-2: Strikes out swinging
Top of the 9th over - 1 run(s), 1 hit(s), 0 error(s), 2 left on base; Menlo 5 - Red Deer 4
BOTTOM OF THE 9TH
Red Deer Wranglers batting - Pitching for Menlo Maniacs : LHP José Acosta
Pitching: RHP Steve Standard
Now at C: Vicente Martínez
Now at SS: Philip Burke
Pinch Hitting: SHB José López 0-0: Ball
1-0: Ball
2-0: Foul Ball, location: 2F
2-1: Called Strike
2-2: SINGLE (Groundball, 5D)
Batting: LHB José Suárez 0-0: Ball
1-0: Bunted foul
1-1: Ball
2-1: Bunted foul
2-2: Fly out, F7 (Flyball, 78XD)
Runner from 1st tags up, OUT at 2nd
Batting: RHB Paul Swift 0-0: Swinging Strike
0-1: Swinging Strike
0-2: Ball
1-2: Ball
2-2: Strikes out looking
Bottom of the 9th over - 0 run(s), 1 hit(s), 0 error(s), 0 left on base; Menlo 5 - Red Deer 4
This league is powered by Out of the Park Baseball, the baseball management simulation game for PC, Mac and Linux
Saturday, April 9th, 2016 - OOTP Baseball 16.8 Build 38